 Dungeon Crawl Stone Soup version 0.23.2-1-ga50397a6bc (webtiles) character file.

Game seed: 18407511690964068629

3045 Moper the Blocker (level 9, -9/78 HPs)
             Began as a Minotaur Fighter on Apr 13, 2019.
             Was a Believer of Qazlal.
             Killed by nerve-wracking pain
             ... invoked by an orc priest
              (11 damage)
             ... on level 8 of the Dungeon.
             The game lasted 01:06:28 (7815 turns).

Moper the Blocker (Minotaur Fighter)                Turns: 7815, Time: 01:06:28

Health: -9/78      AC:  7    Str: 27    XL:     9   Next: 56%
Magic:  17/17      EV: 12    Int:  5    God:    Qazlal [**....]
Gold:   409        SH: 15    Dex: 11    Spells: 8/8 levels left

rFire    . . .     SeeInvis .   C - +2 falchion (freeze)
rCold    . . .     Gourm    .   c - +0 shield
rNeg     . . .     Faith    .   j - +2 leather armour {MR+}
rPois    .         Spirit   .   (helmet restricted)
rElec    .         Reflect  .   (no cloak)
rCorr    .         Harm     .   x - +0 pair of gloves
MR       +....                  (no boots)
Stlth    +.........             (no amulet)
HPRegen  0.23/turn              k - +4 ring of strength
MPRegen  0.15/turn              A - ring of magical power

@: no status effects
A: retaliatory headbutt, horns 2
a: Upheaval, Renounce Religion


You were on level 8 of the Dungeon.
You worshipped Qazlal.
Qazlal was pleased with you.
You were very hungry.

You visited 2 branches of the dungeon, and saw 9 of its levels.

You collected 409 gold pieces.

Inventory:

Hand Weapons
 a - a +0 long sword
 n - a +2 dagger of flaming
 t - a +0 short sword of flaming
 w - a +2 whip of flaming
 y - a +0 long sword
 C - a +2 falchion of freezing (weapon)
 N - a +2 dagger of chaos
Missiles
 o - 24 poisoned needles (quivered)
Armour
 b - a +0 scale mail
 c - a +0 shield (worn)
 j - a +2 leather armour of magic resistance (worn)
 x - a +0 pair of gloves (worn)
 B - a +0 chain mail
 D - a +0 large shield
 H - a +2 robe of magic resistance
 K - a +2 robe of cold resistance
Jewellery
 k - a +4 ring of strength (left hand)
 A - a ring of magical power (right hand)
Wands
 E - a wand of iceblast (9)
 M - a wand of digging (5)
Scrolls
 e - 2 scrolls of immolation
 h - 2 scrolls of blinking {unknown}
 i - 2 scrolls of remove curse {unknown}
 l - 2 scrolls of noise {unknown}
 q - 2 scrolls of teleportation {unknown}
 G - 5 scrolls of identify
Potions
 d - 2 potions of might
 g - 4 potions of haste
 m - a potion of resistance
 p - a potion of invisibility
 r - 3 potions of curing
 s - 2 potions of berserk rage
 u - a potion of brilliance
 v - 2 potions of cancellation
 z - a potion of mutation {unknown}
 I - a potion of lignification {unknown}
 L - a potion of degeneration {unknown}
Miscellaneous
 F - a fan of gales
Comestibles
 f - 10 rations


   Skills:
 + Level 6.5 Fighting
 + Level 4.8(6.6) Short Blades
 + Level 7.6(8.4) Long Blades
 + Level 6.9 Armour
 + Level 5.1 Dodging
 + Level 2.1 Stealth
 + Level 8.9 Shields


You had 8 spell levels left.
You didn't know any spells.
Your spell library contained the following spells:

 Spells                   Type           Power        Failure   Level  Hunger
 Beastly Appendage        Tmut           #.....       78%         1    ##.....
 Sticks to Snakes         Tmut           #.......     89%         2    ###....
 Spider Form              Tmut/Pois      #.........   98%         3    ####...
 Ice Form                 Ice/Tmut       #.......     100%        4    #####..
 Blade Hands              Tmut           #.........   100%        5    ######.


Dungeon Overview and Level Annotations

Branches:
Dungeon (8/15)             Temple (1/1) D:6
   Lair: D:8-11

Altars:
Ashenzari
Cheibriados
Dithmenos
Elyvilon
Fedhas
Gozag
Hepliaklqana
Kikubaaqudgha
Makhleb
Nemelex Xobeh
Okawaru
Qazlal
Ru
Sif Muna
Trog
Uskayaw
Vehumet
Wu Jian
Xom
Yredelemnul
Zin
The Shining One


Innate Abilities, Weirdness & Mutations

You reflexively headbutt those who attack you in melee.
You have a pair of horns on your head.


Message History

Tossing away (i - inventory)
o - 26 poisoned needles (quivered)
Press: ? - help, Shift-Dir - straight line, f - orc priest
Aim: an orc priest You toss away a poisoned needle.
The poisoned needle barely misses the orc priest.
The poisoned needle closely misses the ice beast.
The orc priest calls down the wrath of Beogh upon you.
You easily resist.
Tossing away (i - inventory)
o - 25 poisoned needles (quivered)
Press: ? - help, Shift-Dir - straight line, f/p - orc priest
Aim: an orc priest You toss away a poisoned needle.
The poisoned needle completely misses the orc priest.
The poisoned needle hits the ice beast.
The orc priest invokes the aid of Beogh against you.
Beogh smites you!
* * * LOW HITPOINT WARNING * * *
The orc priest mumbles some strange prayers to Beogh against you.
Pain shoots through your body!
You die...

#.# #.. .# #.# ##.##.# #.#
#...#.# #.# ###...#.#
#.###.......# #..)))......#
#####.......#
###...############ #
#.........@.oY.# #
##############.############
#....(...(....
##############


You could see an ice beast and an orc priest.

Vanquished Creatures
  Pikel (D:4)
  Psyche (D:8)
  Eustachio (D:4)
  Menkaure (D:4)
  A hungry ghost (D:7)
  3 orc warriors
  2 sky beasts
  An ogre (D:7)
  2 centaurs
  A big kobold (D:8)
  Blork the orc (D:6)
  4 bullfrogs
  A scorpion (D:5)
  A howler monkey (D:8)
  An orc priest (D:6)
  A centaur skeleton (D:5)
  8 orc wizards
  4 worker ants
  2 iguanas
  A hound zombie (D:5)
  A hound skeleton (D:7)
  A howler monkey zombie (D:7)
  A mummy (D:7)
  4 gnolls (D:7)
  7 adders
  An ooze (D:1)
  2 worms
  8 leopard geckos
  24 orcs
  8 bats
  5 giant cockroaches
  11 goblins
  8 hobgoblins
  18 jackals
  4 quokkas
  3 ball pythons
  4 frilled lizards
  A giant cockroach zombie (D:6)
  16 kobolds
  2 kobold zombies (D:7)
  2 orc zombies (D:7)
  A quokka skeleton (D:8)
  A quokka zombie (D:7)
  5 rats
176 creatures vanquished.

Notes
Turn   | Place    | Note
-------+----------+-------------------------------------------
     0 | D:1      | Moper the Minotaur Fighter began the quest for the Orb.
     0 | D:1      | Reached XP level 1. HP: 19/19 MP: 0/0
   237 | D:1      | Reached XP level 2. HP: 27/27 MP: 1/1
   730 | D:1      | Reached skill level 4 in Shields
   880 | D:1      | Reached XP level 3. HP: 33/33 MP: 2/2
  1302 | D:2      | Found a burning altar of Makhleb.
  1302 | D:2      | Found an opulent altar of Gozag.
  1304 | D:2      | Found a shattered altar of Ashenzari.
  1304 | D:2      | Found a stormy altar of Qazlal.
  1323 | D:2      | Found a hide-covered altar of Uskayaw.
  1324 | D:2      | Found a shadowy altar of Dithmenos.
  1401 | D:2      | Reached XP level 4. HP: 40/40 MP: 3/3
  1656 | D:2      | Became a worshipper of Qazlal Stormbringer
  2896 | D:3      | Reached XP level 5. HP: 39/46 MP: 4/4
  3274 | D:4      | Noticed Eustachio
  3282 | D:4      | Reached skill level 5 in Armour
  3360 | D:4      | Killed Eustachio
  3360 | D:4      | Reached skill level 1 in Short Blades
  3360 | D:4      | Reached skill level 1 in Dodging
  3360 | D:4      | Reached skill level 5 in Shields
  3360 | D:4      | Reached XP level 6. HP: 13/53 MP: 5/5
  3714 | D:4      | Noticed Menkaure
  3719 | D:4      | Killed Menkaure
  3982 | D:4      | Noticed Pikel
  3982 | D:4      | Noticed a slave
  3982 | D:4      | Noticed a slave
  3982 | D:4      | Noticed a slave
  3982 | D:4      | Noticed a slave
  3994 | D:4      | Killed Pikel
  3994 | D:4      | Reached skill level 5 in Fighting
  3994 | D:4      | Reached skill level 6 in Shields
  3994 | D:4      | Reached XP level 7. HP: 25/61 MP: 6/6
  4146 | D:5      | Entered Level 5 of the Dungeon
  4196 | D:5      | Reached XP level 8. HP: 56/68 MP: 7/7
  4375 | D:5      | Reached skill level 7 in Shields
  4638 | D:5      | Reached * piety under Qazlal
  4746 | D:5      | Found a transporter.
  4749 | D:5      | Reached skill level 1 in Stealth
  4771 | D:5      | Found a transporter.
  5207 | D:6      | Noticed Blork the orc
  5217 | D:6      | Killed Blork the orc
  5591 | D:6      | Found a glowing golden altar of the Shining One.
  5712 | D:6      | Reached skill level 5 in Long Blades
  5843 | D:6      | Found a staircase to the Ecumenical Temple.
  5977 | Temple   | Entered the Ecumenical Temple
  6254 | D:7      | Reached XP level 9. HP: 51/75 MP: 8/8
  6294 | D:7      | HP: 3/75 [gnoll/+0 spear (5)]
  6349 | D:7      | Reached skill level 8 in Shields
  7029 | D:7      | Reached ** piety under Qazlal
  7574 | D:8      | Noticed Psyche
  7582 | D:8      | Killed Psyche
  7683 | D:8      | Reached skill level 5 in Dodging
  7810 | D:8      | HP: 1/78 [orc priest/divine providence (11)]
  7815 | D:8      | Killed from afar by an orc priest

Skill      XL: |  1  2  3  4  5  6  7  8  9 |
---------------+----------------------------+-----
Fighting       | 4 5 6 |  6.5
Armour         | 4 5 6 |  6.9
Shields        | 4 5 6 7 8 |  8.9
Long Blades    | 3 4 6 7 |  7.6
Short Blades   | 1 3 4 |  4.8
Dodging        | 1 3 5 |  5.1
Stealth        | 1 2 |  2.1

Action                   |  1- 3 |  4- 6 |  7- 9 || total
-------------------------+-------+-------+-------++-------
Melee: Long sword        |    89 |    86 |    21 ||   196
       Headbutt          |    10 |    22 |    66 ||    98
       Short sword       |       |    66 |    29 ||    95
       Falchion          |       |       |   240 ||   240
Evoke: Wand              |       |       |     1 ||     1
  Use: Scroll            |     2 |     7 |     3 ||    12
       Potion            |       |     4 |     1 ||     5
 Stab: Sleeping          |       |       |     1 ||     1
  Eat: Chunk             |     2 |     4 |     9 ||    15
       Ration            |       |     1 |     2 ||     3
Armor: Scale mail        |    38 |    66 |       ||   104
       Leather armour    |       |     3 |    42 ||    45
Dodge: Dodged            |    29 |    59 |    66 ||   154
Block: Shield            |    40 |    99 |   181 ||   320
       Rpst.: Long sword |     5 |     4 |     2 ||    11
       Falchion          |       |       |     9 ||     9
